 Dungeon Crawl Stone Soup version 0.26-a0-412-ga3d1f51b (webtiles) character file.

Game seed: 2673781829634250323

396 Crimsoncloak the Chopper (level 6, -2/48 HPs)
             Began as a Demonspawn Fighter on July 24, 2020.
             Blown up by Pikel (15 damage)
             ... with a disintegration bolt
             ... on level 4 of the Dungeon.
             The game lasted 00:07:20 (3424 turns).

Crimsoncloak the Chopper (Demonspawn Fighter)       Turns: 3424, Time: 00:07:20

Health: -2/48      AC: 11    Str: 18    XL:     6   Next: 52%
Magic:  6/6        EV:  5    Int:  9    God:
Gold:   211        SH:  9    Dex: 13    Spells: 5/5 levels left

rFire    . . .     SeeInvis .   a - +0 war axe
rCold    . . .     Faith    .   c - +0 kite shield
rNeg     . . .     Spirit   .   t - +0 chain mail
rPois    .         Reflect  .   m - +1 helmet
rElec    .         Harm     .   (no cloak)
rCorr    .                      (no gloves)
MR       .....                  (no boots)
Stlth    ..........             e - amulet of regeneration
HPRegen  0.56/turn              q - ring of flight
MPRegen  0.10/turn              (no ring)

@: lethally poisoned (-2 -> -3)
A: hooves 1, spiny 1
a: Evoke Flight


You were on level 4 of the Dungeon.
You visited 1 branch of the dungeon, and saw 4 of its levels.

You collected 211 gold pieces.

Inventory:

Hand Weapons
 a - a +0 war axe (weapon)
Missiles
 k - 91 stones
 v - 22 poisoned darts (quivered)
Armour
 c - a +0 kite shield (worn)
 m - a +1 helmet (worn)
 t - a +0 chain mail (worn)
Jewellery
 e - an amulet of regeneration (around neck)
 f - a +6 ring of strength {unknown}
 q - a ring of flight (left hand)
Scrolls
 b - 3 scrolls of identify
 g - 3 scrolls of remove curse
 h - a scroll of amnesia {unknown}
 i - a scroll of teleportation
 j - a scroll of enchant armour {unknown}
 l - a scroll of blinking {unknown}
 u - a scroll of magic mapping {unknown}
 w - a scroll of fog {unknown}
Potions
 d - a potion of might
 n - 2 potions of flight
 o - a potion of berserk rage
 p - 2 potions of curing {unknown}
 r - a potion of heal wounds {unknown}
 s - a potion of brilliance {unknown}


   Skills:
 + Level 4.1 Fighting
 * Level 4.3 Axes
 + Level 3.8 Armour
 + Level 3.8 Shields


You had 5 spell levels left.
You didn't know any spells.
Your spell library was empty.

Dungeon Overview and Level Annotations

Branches:
Dungeon (4/15)
 Temple: D:4-7

Altars:
Ashenzari
Elyvilon
Qazlal
Sif Muna

Annotations:
D:4 Pikel


Innate Abilities, Weirdness & Mutations

You have large cloven feet.
You are partially covered in sharp spines.


Message History

You kill the worker ant!
You block Pikel's attack.
You barely miss Pikel. Pikel hits you but does no damage.
You hit Pikel but do no damage. Your kick misses Pikel.
You feel sick. Pikel hits you but does no damage.
You closely miss Pikel.
You feel sick. You block Pikel's attack. Pikel hits you but does no damage.
You hit Pikel. You kick Pikel, but do no damage.
Pikel is lightly wounded.
Pikel zaps a wand.
You barely resist. You barely miss Pikel.
Pikel is lightly wounded.
You feel sick.
The lemure shouts!
You hear a shout! x2
A lemure comes into view.
Pikel hits you but does no damage.
You miss Pikel. Your kick misses Pikel.
Pikel is lightly wounded.
Pikel zaps a wand.
You are blasted!
You die...

##### 5K .... #.########5####.#
#.#....5.K......##
#.#..#.###@....... #.#..#.#
####.#.## ### #.#..#.. ...# ...
.. #.##.#.#..######.#.#
####.#### ....................>.
........
#.##.#.#...........#.####.......
#...........#........#.####
###.#.....#............# #
#.#.....#...#.###....####


You could see Pikel and 2 lemures.

Vanquished Creatures
  A scorpion (D:4)
  A bullfrog zombie (D:4)
  Terence (D:2)
  An iguana (D:4)
  3 worker ants (D:4)
  4 gnolls (D:3)
  2 adders (D:3)
  4 oozes
  A worm (D:4)
  2 dart slugs (D:1)
  2 leopard geckos
  7 orcs
  5 giant cockroaches
  9 hobgoblins
  20 jackals
  3 quokkas
  8 bats
  6 frilled lizards
  14 goblins
  A jackal skeleton (D:4)
  7 kobolds
  7 rats
109 creatures vanquished.

Notes
Turn   | Place    | Note
-------+----------+-------------------------------------------
     0 | D:1      | Crimsoncloak the Demonspawn Fighter began the quest for the
                  | Orb.
     0 | D:1      | Reached XP level 1. HP: 18/18 MP: 1/1
   110 | D:1      | Gained mutation: You are partially covered in sharp spines.
                  | [demonic ancestry]
   110 | D:1      | Reached XP level 2. HP: 17/24 MP: 2/2
   514 | D:1      | Reached XP level 3. HP: 29/29 MP: 3/3
  1056 | D:2      | Noticed Terence
  1064 | D:2      | Killed Terence
  1064 | D:2      | Gained mutation: You have large cloven feet. [demonic
                  | ancestry]
  1064 | D:2      | Reached XP level 4. HP: 25/35 MP: 4/4
  1670 | D:2      | Found a shimmering blue altar of Sif Muna.
  2186 | D:3      | Reached XP level 5. HP: 41/41 MP: 5/5
  2542 | D:3      | Found a white marble altar of Elyvilon.
  2555 | D:3      | Noticed an air elemental
  2557 | D:3      | Found a stormy altar of Qazlal.
  2558 | D:3      | Noticed a water elemental
  2558 | D:3      | Noticed a fire elemental
  3172 | D:4      | Found a shattered altar of Ashenzari.
  3217 | D:4      | Reached XP level 6. HP: 45/48 MP: 6/6
  3403 | D:4      | Noticed Pikel
  3424 | D:4      | Blown up by Pikel

Illustrated notes

Levels and vault maps discovered:
D:1:      scummos_arrival_simple_fountains, layout_loops_ring, minmay_bisected
D:2:      layout_basic, lemuel_blue_sif_altar, uniq_terence
D:3:      layout_basic, overflow_temple_1_default,
          nicolae_qazlal_style_of_elements
D:4:      layout_basic, nicolae_overflow_crystal_walls, old_standard_altar,
          evilmike_ruin_ashenzari, uniq_pikel

Skill      XL: |  1  2  3  4  5 |
---------------+----------------+-----
Axes           | 2 3 4 |  4.3
Armour         | 3 |  3.8
Shields        | 3 |  3.8
Fighting       | 4 |  4.1

Action                   |  1- 3 |  4- 6 || total
-------------------------+-------+-------++-------
Melee: War axe           |    72 |   153 ||   225
       Kick              |       |    34 ||    34
  Use: Scroll            |       |     4 ||     4
Armor: Scale mail        |    30 |    14 ||    44
       Chain mail        |       |    66 ||    66
Dodge: Dodged            |    21 |    26 ||    47
Block: Kite shield       |    25 |    83 ||   108

Table legend: (Time is in decaauts)
 A = Elapsed time spent in this place.
 B = Non-inter-level travel time spent in this place.
 C = Inter-level travel time spent in this place.
 D = Time resting spent in this place.
 E = Time spent auto-exploring this place.
 F = Levels seen in this place.
 G = Mean time per level.
                   A        B        C        D        E       F      G
               +--------+--------+--------+--------+--------+-----+--------+
         Total |   3518 |   3334 |    184 |    219 |   2351 |   4 |  879.5 |
       Dungeon |   3518 |   3334 |    184 |    219 |   2351 |   4 |  879.5 |
               +--------+--------+--------+--------+--------+-----+--------+

Top non-repeatable levels by time:
     D:2: 1337 daAuts
     D:3: 896 daAuts
     D:1: 877 daAuts
     D:4: 407 daAuts
